 Dungeon Crawl Stone Soup version 0.31-a0-765-g67fe2935dc (webtiles) character file.

Game seed: 8968680037755938170

15 cforsyth the Sneak (level 2, -3/25 HPs)
             Began as a Djinni Delver on Sept 15, 2023.
             Slain by a mummy (15 damage)
             ... in an ossuary.
             The game lasted 00:00:40 (309 turns).

cforsyth the Sneak (Djinni Delver)                   Turns: 309, Time: 00:00:40

Health: -3/25      AC:  3    Str: 11    XL:     2   Next: 65%
Gold:   0          EV: 12    Int: 11    God:
                   SH:  0    Dex: 14

rFire   + + .        a - +0 falchion
rCold   x . .        (no shield)
rNeg    . . .        b - +0 leather armour
rPois   ∞            (no helmet)
rElec   .            (no cloak)
rCorr   .            (no gloves)
SInv    .            (boots unavailable)
Will    .....        (no amulet)
Stlth   ++           (no ring)
HPRegen 0.24/turn    (no ring)
MPRegen 0.00/turn

%: infuse magic (-4 HP)
@: flying
A: sickness immunity, fire resistance 2, cold vulnerability 1, float, innate
caster, HP casting, extra vitality 1
a: no special abilities


You were in an ossuary.
You visited 1 branch of the dungeon, and saw 1 of its levels.
You also visited: Ossuary.

Inventory:

Hand Weapons
 a - a +0 falchion (weapon)
Armour
 b - a +0 leather armour (worn)
Wands
 g - a wand of digging (3)
Scrolls
 c - a scroll of fog
 d - a scroll of revelation
 e - a scroll of fear
Potions
 f - a potion of haste


   Skills:
 + Level 3.4 Fighting
 - Level 1.7 Long Blades
 - Level 2.1 Dodging
 - Level 4.1 Stealth
 + Level 1.0 Spellcasting
 + Level 1.0 Conjurations
 + Level 1.0 Hexes
   Level 0.0 Charms
 + Level 1.0 Summonings
 + Level 1.0 Necromancy
 + Level 1.0 Translocations
 + Level 1.0 Transmutations
 + Level 1.0 Fire Magic
 + Level 1.0 Ice Magic
 + Level 1.0 Air Magic
 + Level 1.0 Earth Magic
 + Level 1.0 Poison Magic You didn't know any spells. Your spell library was empty.

Dungeon Overview and Level Annotations

Branches:
Dungeon (5/15)            Ossuary (1/1)
 Temple: D:4-7

Altars:


Innate Abilities, Weirdness & Mutations

You are immune to sickness and miasma.
You are immune to poison.
Your flesh is very heat resistant. (rF++)
You are vulnerable to cold. (rC-)
You float through the air rather than walking.
You learn spells naturally, not from books.
Your magical power is your life essence.
You have superior vitality. (+4 MHP)


Message History

There is a sand-covered staircase here.
The world spins around you as you enter the gateway.
You enter an ossuary!
Found a gate leading back out of this place.
There is an empty arch of ancient stone here.
There is a gate leading back out of this place here.
You start waiting.
Done waiting.
You start waiting.
Done waiting.
A mummy comes into view.
Okay, then.
You don't know any spells.
You don't know any spells.
Okay, then.
You hit the mummy.
The mummy is moderately damaged.
You slash the mummy!
The mummy is severely damaged.
The mummy hits you!
You barely miss the mummy.
The mummy is severely damaged.
The mummy barely misses you.
You hit the mummy.
The mummy is almost destroyed.
The mummy hits you!
You are too injured to fight recklessly!
You are too injured to fight recklessly!
You are too injured to fight recklessly!
You are too injured to fight recklessly!
You are too injured to fight recklessly!
You are too injured to fight recklessly!
You are too injured to fight recklessly!
You hit the mummy but do no damage.
The mummy is almost destroyed.
You barely miss the mummy.
The mummy is almost destroyed.
The mummy hits you!
Ouch! That really hurt!
You die...

#. ... #####
.... ##...##
...M###.....##
.............#
........∩.∩..#
...........M@#
...###.....##
. ##...##
#####


You could see a mummy.

Vanquished Creatures
  An adder (D:5)
  An ufetubus (D:5)
2 creatures vanquished.

Notes
Turn   | Place    | Note
-------+----------+-------------------------------------------
     0 | D:5      | cforsyth the Djinni Delver began the quest for the Orb.
     0 | D:5      | Reached XP level 1. HP: 20/20 MP: 0/0
    12 | D:5      | Reached XP level 2. HP: 22/25 MP: 0/0
    36 | D:5      | Reached skill level 1 in Spellcasting
    36 | D:5      | Reached skill level 1 in Conjurations
    36 | D:5      | Reached skill level 1 in Hexes
    36 | D:5      | Reached skill level 1 in Summonings
    36 | D:5      | Reached skill level 1 in Necromancy
    36 | D:5      | Reached skill level 1 in Translocations
    36 | D:5      | Reached skill level 1 in Transmutations
    36 | D:5      | Reached skill level 1 in Fire Magic
    36 | D:5      | Reached skill level 1 in Ice Magic
    36 | D:5      | Reached skill level 1 in Air Magic
    36 | D:5      | Reached skill level 1 in Earth Magic
    36 | D:5      | Reached skill level 1 in Poison Magic
    41 | D:5      | Found a sand-covered staircase.
    78 | Ossuary  | Entered an ossuary
   309 | Ossuary  | Slain by a mummy

Illustrated notes

Levels and vault maps discovered:
D:5:      wad_lake_hut, layout_basic, nicolae_ossuary_entry_false_entrances,
          serial_glass, glass_columns_a, glass_columns_b, uniq_eustachio
Ossuary:  minmay_ossuary_gauntlet

Skill      XL: |  1  2 |
---------------+-------+-----
Spellcasting   | 1 |  1.0
Conjurations   | 1 |  1.0
Hexes          | 1 |  1.0
Summonings     | 1 |  1.0
Necromancy     | 1 |  1.0
Translocations | 1 |  1.0
Transmutations | 1 |  1.0
Fire Magic     | 1 |  1.0
Ice Magic      | 1 |  1.0
Air Magic      | 1 |  1.0
Earth Magic    | 1 |  1.0
Poison Magic   | 1 |  1.0
Fighting       | |  3.4
Long Blades    | |  1.7
Dodging        | |  2.1
Stealth        | |  4.1

Action                     || total
---------------------------++-------
  Melee: Falchion          ||    12
 Armour: Leather armour    ||     4
  Dodge: Dodged            ||     9

Table legend: (Time is in decaauts)
 A = Elapsed time spent in this place.
 B = Non-inter-level travel time spent in this place.
 C = Inter-level travel time spent in this place.
 D = Time resting spent in this place.
 E = Time spent auto-exploring this place.
 F = Levels seen in this place.
 G = Mean time per level.
                   A        B        C        D        E       F      G
               +--------+--------+--------+--------+--------+-----+--------+
         Total |    311 |    311 |      0 |    200 |      5 |   2 |  155.5 |
       Dungeon |     79 |     79 |      0 |      0 |      5 |   1 |   79.0 |
       Ossuary |    231 |    231 |      0 |    200 |      0 |   1 |  231.0 |
               +--------+--------+--------+--------+--------+-----+--------+

Top non-repeatable levels by time:
 Ossuary: 231 daAuts
     D:5: 79 daAuts
